 Dungeon Crawl Stone Soup version 0.27.1 (webtiles) character file.

Game seed: 9519134399745079924

2671 capitangugle the Vandal (level 9, -2/46 HPs)
             Began as a Gargoyle Earth Elementalist on Aug 29, 2021.
             Was a Priest of Hepliaklqana.
             Slain by a kobold (4 damage)
             ... on level 7 of the Dungeon.
             The game lasted 01:31:56 (9050 turns).

capitangugle the Vandal (GrEE)                      Turns: 9050, Time: 01:31:57

Health: -2/46      AC: 10    Str: 15    XL:     9   Next: 63%
Magic:  15/15      EV: 12    Int: 16    God:    Hepliaklqana [***...]
Gold:   212        SH:  0    Dex: 10    Spells: 15/16 levels left

rFire    . . .     SeeInvis +   X - +0 glaive
rCold    . . .     Faith    .   (shield currently unavailable)
rNeg     + . .     Spirit   .   (no armour)
rPois    ∞         Reflect  .   F - +1 helmet
rElec    +         Harm     .   O - +1 cloak
rCorr    .         Rampage  .   (no gloves)
Will     .....                  (no boots)
Stlth    ++........             (no amulet)
HPRegen  0.15/turn              u - ring of see invisible
MPRegen  0.14/turn              V - ring of flight

@: marked, flying
A: reduced essence, sickness immunity, AC +6, negative energy resistance 1,
electricity resistance, torment resistance 1, petrification resistance
a: Renounce Religion, Recall Ancestor, Ancestor Identity, Transference


You were on level 7 of the Dungeon.
You worshipped Hepliaklqana.
Hepliaklqana was most pleased with you.
You visited 1 branch of the dungeon, and saw 7 of its levels.

You collected 329 gold pieces.
You spent 117 gold pieces at shops.

Inventory:

Hand Weapons
 d - a +0 club
 f - a +0 hunting sling
 g - a +0 short sword
 i - a +0 flail
 j - a +0 battleaxe
 o - a +0 quarterstaff
 r - a +0 whip
 z - a +0 falchion
 B - a +0 fustibalus
 E - a +0 whip of freezing
 G - a +0 spear
 I - a +0 giant spiked club
 J - a +0 mace
 K - a +0 falchion of electrocution
 L - a +0 hunting sling of flaming
 N - a +0 mace
 Q - a +0 flail
 R - a +0 mace
 S - a +0 morningstar
 U - a +0 trident
 X - a +0 glaive (weapon)
 Z - a +0 short sword
Missiles
 a - 16 poisoned darts (quivered)
 c - 214 stones
 e - 58 sling bullets
 s - 9 curare-tipped darts
 H - 54 arrows
 T - 3 boomerangs
Armour
 b - a +0 robe
 k - a +0 scale mail
 l - a +0 ring mail
 p - a +0 robe
 q - a +0 ring mail
 t - a +0 leather armour
 v - a +0 leather armour of willpower
 x - a +0 plate armour
 D - a +0 helmet
 F - a +1 helmet (worn)
 O - a +1 cloak (worn)
 P - a +0 kite shield
 W - a +1 chain mail {alberti}
 Y - a +0 barding
Magical Staves
 n - a staff of conjuration
Jewellery
 u - a ring of see invisible (left hand)
 V - a ring of flight (right hand)
Wands
 y - a wand of polymorph (5)
Potions
 h - 4 potions of lignification
 m - a potion of curing {unknown}
 A - a potion of might {unknown}
 M - a potion of magic


   Skills:
 + Level 4.0 Fighting
 + Level 3.6 Polearms
 + Level 0.3(2.4) Staves
 + Level 6.6 Slings
 + Level 0.7(4.1) Throwing
 + Level 5.4 Armour
 + Level 2.3 Dodging
 + Level 3.4 Stealth
 + Level 4.2 Spellcasting
 + Level 0.7 Transmutations
 + Level 6.0 Earth Magic
 + Level 1.6 Evocations


You had 15 spell levels left.
You knew the following spells:

 Your Spells              Type           Power      Damage    Failure   Level
a - Sandblast             Erth           44%        2d11      1%          1

Your spell library contained the following spells:

 Spells                   Type           Power      Damage    Failure   Level
 Passwall                 Tmut/Erth      11%        N/A       6%          2
 Stone Arrow              Conj/Erth      26%        3d8       14%         3
 Petrify                  Tmut/Erth      14%        N/A       38%         4
 Animate Armour           Summ/Erth      26%        N/A       43%         4
 Leda's Liquefaction      Hex/Erth       6%         N/A       43%         4
 Call Canine Familiar     Summ           3%         N/A       45%         3
 Portal Projectile        Hex/Tloc       6%         N/A       45%         3
 Fireball                 Conj/Fire      1%         3d3       99%         5
 Iskenderun's Battlesphe  Conj           3%         2d6       99%         5
 Conjure Ball Lightning   Conj/Air       1%         3x3d6     100%        6
 Orb of Destruction       Conj           1%         N/A       100%        7
 Lehudib's Crystal Spear  Conj/Erth      6%         10d3      100%        8


Dungeon Overview and Level Annotations

Branches:
Dungeon (7/15)             Temple (0/1) D:6

Altars:
Hepliaklqana
Vehumet

Shops:
D:5 =[

Annotations:
D:3 Grinder
D:6 Maggie


Innate Abilities, Weirdness & Mutations

Your life essence is reduced to manifest your ancestor. (-10% HP)
You are immune to sickness and miasma.
Your stone body is resilient. (AC +6)
You are immune to poison.
You resist negative energy. (rN+)
You are resistant to electric shocks. (rElec)
You are resistant to unholy torment.
You are immune to petrification.


Message History

Aim: an ice beast (almost dead, ally target, about 50% to evade your +0 glaive)
You catch the helpless ice beast completely off-guard!
You slash the ice beast!
You kill the ice beast!
The kobold hits Abueler but does no damage.
A kobold comes into view. It is wielding a +0 short sword.
Abueler gestures at the kobold while chanting.
The stone arrow hits the kobold!
The kobold dies!
The kobold brigand hits you but does no damage.
A wight comes into view. It is wielding a +0 mace.
Abueler hits the kobold brigand with a +0 quarterstaff!
The kobold brigand hits you but does no damage.
The kobold hits Abueler with a +0 whip.
Unknown command.
Press: ? - help, v - describe, . - travel, g - get item
Here: a wight, wielding a +3 war axe of freezing and wearing a +0 robe
Items here: a +0 short sword; a kobold corpse.
The floor.
As you read the scroll labelled PADARO OKOUXTO, it crumbles to dust.
The creatures around you are filled with an inner flame!
It was a scroll of immolation.
The wight hits you with a +3 war axe of freezing.
The wight freezes you.
A kobold comes into view. It is wielding a +0 short sword.
Abueler hits the kobold brigand with a +0 quarterstaff!
The kobold brigand explodes!
The fiery explosion engulfs the kobold!!
The fiery explosion engulfs you!!
* * * LOW HITPOINT WARNING * * *
Abueler avoids your attack.
The kobold explodes!
Abueler avoids your attack.
You swap places.
The shadow imp gestures at you. Pain shoots through your body!
* * * LOW HITPOINT WARNING * * *
A wight comes into view. It is wielding a +0 great sword.
The kobold hits you with a +0 whip.
You die...

#.# #######...###.#
#.# #.............###
#.# #.# #..........
#<# #.# #.......##.
#.# #.# ##.####.#
.######.#####.######.#
#
.............K....##.#
..###########.#K..##.#
#K§§@z.#.#
###.§§.§zz.#
#...5R§§)).####.##
.......§§§))........
.$..................
#####.......########
##.....## ##...##
#####


You could see the friendly Abueler the battlemage (inner flame), 3 wights, a
shadow imp (inner flame, ally target) and 3 kobolds.

Vanquished Creatures
  Pikel (D:5)
  An unseen horror (D:6)
  A necrophage (D:5)
  2 ice beasts
  An ogre (D:4)
  2 bullfrogs
  An orc priest (D:6)
  An iguana (D:5)
  An orc wizard (D:6)
  4 gnolls
  3 adders
  2 dart slugs
  7 orcs
  4 endoplasms
  3 giant cockroaches
  3 goblins
  2 hobgoblins
  3 jackals (D:2)
  11 kobolds
  A quokka (D:1)
  3 ball pythons (D:1)
  3 bats (D:1)
  2 frilled lizards
  2 rats
64 creatures vanquished.

Vanquished Creatures (collateral kills)
  A water moccasin (D:6)
  A necrophage (D:6)
  An orc warrior (D:6)
  An ice beast (D:6)
  2 phantoms
  2 kobold brigands (D:7)
  Blork the orc (D:5)
  A scorpion (D:4)
  A howler monkey (D:6)
  2 jellies
  4 hounds
  An orc priest (D:6)
  A centaur skeleton (D:7)
  2 orc wizards
  2 killer bee zombies (D:7)
  A gnoll (D:4)
  5 adders
  A white imp (D:6)
  A worm (D:2)
  A dart slug (D:5)
  12 orcs
  A ball python (D:4)
  2 endoplasms
  A goblin (D:4)
  A hobgoblin (D:2)
  4 jackals (D:4)
  A quokka (D:4)
  A frilled lizard (D:3)
  7 kobolds
  2 rats (D:2)
64 creatures vanquished.

Vanquished Creatures (others)
  A battlemage (D:4)
1 creature vanquished.

Grand Total: 129 creatures vanquished

Notes
Turn   | Place    | Note
-------+----------+-------------------------------------------
     0 | D:1      | capitangugle the Gargoyle Earth Elementalist began the
                  | quest for the Orb.
     0 | D:1      | Reached XP level 1. HP: 10/10 MP: 3/3
    38 | D:1      | Reached XP level 2. HP: 9/15 MP: 0/5
  1878 | D:1      | Reached XP level 3. HP: 19/19 MP: 4/6
  2100 | D:1      | Found a faded altar of an unknown god.
  2109 | D:1      | Became a worshipper of Hepliaklqana the Forgotten
  2109 | D:1      | Reached * piety under Hepliaklqana
  3291 | D:2      | Reached XP level 4. HP: 4/21 MP: 4/8
  4407 | D:3      | Reached ** piety under Hepliaklqana
  4421 | D:3      | Remembered your ancestor Abueler as a battlemage
  5177 | D:3      | Noticed Grinder
  5325 | D:4      | Noticed an ice beast
  5329 | D:4      | Reached skill level 1 in Armour
  5329 | D:4      | Reached XP level 5. HP: 25/25 MP: 9/9
  5334 | D:4      | Killed an ice beast
  5335 | D:4      | Reached skill level 1 in Fighting
  5335 | D:4      | Reached skill level 5 in Earth Magic
  5349 | D:4      | Reached XP level 6. HP: 30/30 MP: 8/11
  5556 | D:4      | Reached skill level 1 in Slings
  5950 | D:4      | Reached XP level 7. HP: 34/34 MP: 12/12
  6397 | D:5      | Entered Level 5 of the Dungeon
  6629 | D:5      | Noticed Blork the orc
  6633 | D:5      | Killed Blork the orc
  7194 | D:5      | Found Haorgh's Antique Armour Boutique.
  7207 | D:5      | Bought a kite shield for 117 gold pieces
  7242 | D:5      | Found a radiant altar of Vehumet.
  7421 | D:5      | Reached XP level 8. HP: 39/39 MP: 12/14
  7445 | D:5      | Found Peuh's Jewellery Emporium.
  7583 | D:5      | Noticed Pikel
  7592 | D:5      | Killed Pikel
  7593 | D:5      | Reached skill level 1 in Polearms
  7593 | D:5      | Reached skill level 5 in Slings
  7766 | D:6      | Found a staircase to the Ecumenical Temple.
  7778 | D:6      | Reached skill level 1 in Evocations
  7778 | D:6      | Reached XP level 9. HP: 38/45 MP: 15/15
  7948 | D:6      | Noticed an unseen horror
  7961 | D:6      | Killed an unseen horror
  8510 | D:6      | Reached skill level 5 in Armour
  8897 | D:6      | Noticed Maggie
  8993 | D:7      | Reached *** piety under Hepliaklqana
  9049 | D:7      | HP: 2/46 [shadow imp/nerve-wracking pain (1)]
  9050 | D:7      | Slain by a kobold

Illustrated notes

Levels and vault maps discovered:
D:1:      elethiomel_arrival_quiet, layout_basic,
          dreamdust_ecumenical_altar_hidden_monk_grotto
D:2:      cheibrodos_helix_gallery, layout_rooms, grunt_ministairs_11
D:3:      layout_basic, uniq_grinder
D:4:      layout_loops_ring, dk_noncrumbling_3, glass_columns_b
D:5:      layout_cave_pools, fiery_altar_vehumet, serial_shops, shop,
          nicolae_stop_n_shop_2, uniq_blork_the_orc, uniq_pikel
D:6:      layout_basic, minmay_temple_entry_stoned_glass, uniq_maggie
D:7:      layout_loops_ring, trog_book

Skill      XL: |  1  2  3  4  5  6  7  8  9 |
---------------+----------------------------+-----
Earth Magic    | 4 5 6 |  6.0
Spellcasting   | 3 4 |  4.2
Armour         | 1 2 4 5 |  5.4
Fighting       | 1 2 3 4 |  4.0
Dodging        | 2 |  2.3
Slings         | 2 4 6 |  6.6
Polearms       | 1 3 |  3.6
Stealth        | 3 |  3.4
Evocations     | 1 |  1.6
Staves         | |  0.3
Throwing       | |  0.7
Transmutations | |  0.7

Action                   |  1- 3 |  4- 6 |  7- 9 || total
-------------------------+-------+-------+-------++-------
Melee: Staff             |    50 |     3 |       ||    53
       Club              |     2 |       |       ||     2
       Glaive            |       |       |    45 ||    45
 Fire: Hunting sling     |       |     6 |       ||     6
       Fustibalus        |       |    28 |    35 ||    63
Throw: Boomerang         |       |       |    15 ||    15
       Throwing net      |       |       |     2 ||     2
 Cast: Sandblast         |    35 |    22 |     2 ||    59
Invok: Ancestor Identity |     3 |     1 |     1 ||     5
       Recall Ancestor   |       |     1 |     1 ||     2
       Ancestor Life: Ba |       |     1 |       ||     1
Evoke: Wand              |       |       |    11 ||    11
  Use: Scroll            |     6 |       |     9 ||    15
       Potion            |       |       |     1 ||     1
 Stab: Distracted        |     1 |       |     1 ||     2
Armor: Robe              |    14 |       |       ||    14
       Scale mail        |    38 |    27 |     4 ||    69
       Chain mail        |       |       |    43 ||    43
       Skin              |       |       |    12 ||    12
Dodge: Dodged            |    44 |    18 |    41 ||   103
